 Dungeon Crawl Stone Soup version 0.23.2-1-ga50397a6bc (webtiles) character file.

Game seed: 7317493683377192469

1635 GreyFruit the Cudgeler (level 8, -14/49 HPs)
             Began as a Gargoyle Fighter on Apr 29, 2019.
             Was a Follower of Qazlal.
             Demolished by a large slime creature (31 damage)
             ... on level 6 of the Dungeon.
             The game lasted 00:19:02 (6121 turns).

GreyFruit the Cudgeler (Gargoyle Fighter)           Turns: 6121, Time: 00:19:02

Health: -14/49     AC: 19    Str: 25      XL:     8   Next: 98%
Magic:  8/8        EV:  7    Int:  7 (9)  God:    Qazlal [*.....]
Gold:   295        SH: 12    Dex:  9      Spells: 7/7 levels left

rFire    . . .     SeeInvis .   A - +8 flail (crush)
rCold    . . .     Gourm    .   c - +0 shield
rNeg     + + .     Faith    .   w - +0 chain mail
rPois    ∞         Spirit   .   (no helmet)
rElec    +         Reflect  .   (no cloak)
rCorr    .         Harm     .   y - +2 pair of gloves
MR       .....                  (no boots)
Stlth    ..........             (no amulet)
HPRegen  0.16/turn              m - ring of positive energy
MPRegen  0.11/turn              g - +3 ring of strength (curse)

@: no status effects
A: mutation resistance 1, negative energy resistance 1, screaming 1, electricity
resistance, unbreathing, petrification resistance, rot immunity, AC +5
a: Renounce Religion


You were on level 6 of the Dungeon.
You worshipped Qazlal.
Qazlal was aware of your devotion.
You were not hungry.

You visited 2 branches of the dungeon, and saw 7 of its levels.

You collected 295 gold pieces.

Inventory:

Hand Weapons
 a - the cursed +2 trident of Tool {protect, rPois rN+}
   (You took it off an orc on level 5 of the Dungeon)

   It protects the one who uses it against injury (+AC on strike).
   It protects you from poison.
   It protects you from negative energy.
   It has a curse placed upon it.
 i - the +11 dagger of Strategic Superiority {freeze, Dex+4}
   (You took it off an orc on level 5 of the Dungeon)

   It has been specially enchanted to freeze those struck by it, causing extra
   injury to most foes and up to half again as much damage against particularly
   susceptible opponents.
   It can also slow down cold-blooded creatures.
   It affects your dexterity (+4).
 l - a +0 flail
 p - a +2 flail of protection
 A - a +8 flail of crushing (weapon)
Armour
 c - a +0 shield (worn)
 w - a +0 chain mail (worn)
 y - a +2 pair of gloves (worn)
Jewellery
 g - a cursed +3 ring of strength (right hand)
 m - a ring of positive energy (left hand)
Wands
 b - a wand of digging (1)
Scrolls
 e - 7 scrolls of remove curse {unknown}
 h - 2 scrolls of identify {unknown}
 j - a scroll of enchant weapon {unknown}
 n - 3 scrolls of teleportation {unknown}
 o - a scroll of fog {unknown}
 r - 3 scrolls of enchant armour {unknown}
 x - 4 scrolls of magic mapping {unknown}
 z - a scroll of blinking {unknown}
Potions
 k - 2 potions of mutation
 q - 8 potions of curing
Comestibles
 d - 6 chunks of flesh
 f - 10 rations


   Skills:
 + Level 5.0 Fighting
 + Level 7.7 Maces & Flails
 + Level 6.1 Armour
 + Level 2.1 Dodging
 + Level 1.7 Stealth
 + Level 5.7 Shields


You had 7 spell levels left.
You didn't know any spells.
Your spell library contained the following spells:

 Spells                   Type           Power        Failure   Level  Hunger
 Animate Skeleton         Necr           N/A          100%        1    ##.....
 Apportation              Tloc           #.....       100%        1    ##.....
 Confusing Touch          Hex            #.....       100%        1    ##.....
 Summon Small Mammal      Summ           #...         100%        1    ##.....


Dungeon Overview and Level Annotations

Branches:
Dungeon (6/15)             Temple (1/1) D:4

Altars:
Ashenzari
Cheibriados
Dithmenos
Elyvilon
Gozag
Makhleb
Nemelex Xobeh
Okawaru
Qazlal
Ru
Sif Muna
Trog
Wu Jian
Xom

Annotations:
D:6 1 runed translucent door, Prince Ribbit


Innate Abilities, Weirdness & Mutations

You are resistant to torment.
Your stone body is resilient. (AC +5)
You are immune to poison.
You resist negative energy. (rN+)
You are resistant to electric shocks. (rElec)
You can survive without breathing.
You are immune to petrification.
You are immune to rotting.
You are somewhat resistant to further mutation.
You occasionally shout uncontrollably at your foes.


Message History

Found four items.
The ooze hits the fungus.
You bludgeon the jelly!!
You kill the jelly!
Qazlal accepts your kill.
Something hits the fungus!
A slime creature suddenly disappears!
You thump the ooze!
You kill the ooze!
Qazlal accepts your kill.
No target in view!
You barely miss the large slime creature.
The large slime creature hits you!!
Ouch! That really hurt!
You are too injured to fight recklessly!
The ooze hits the fungus.
You see here a +0 short sword.
You see here a stone.
The large slime creature hits you!!
Ouch! That really hurt!
You die...

#.# ####### #(#
##########.J....#
#)####......##......P#
#).##.......#J#.J.÷..#
#..'........#.#J.P.P.#
#..'........#J#......#
##.'......#'#.#÷÷...P#
#.##.....#.#J#......#
#####....#@#.#.÷.P.P#
#######J##÷÷...(# ###


You could see a large slime creature.

Vanquished Creatures
  Sigmund (D:5)
  Menkaure (D:5)
  Edmund (D:5)
  A centaur (D:6)
  An ogre (D:5)
  A bullfrog (D:6)
  A wyvern skeleton (D:6)
  2 jellies (D:6)
  4 crimson imps
  2 hounds
  6 orc priests
  Natasha (thrice) (D:4)
  2 iguanas
  2 orc wizards
  4 worker ants
  6 gnolls
  6 adders
  2 oozes
  2 adder skeletons (D:6)
  7 worms
  5 leopard geckos
  20 orcs
  8 bats
  2 giant cockroaches (D:3)
  5 goblins
  5 hobgoblins
  6 jackals
  19 kobolds
  3 quokkas
  4 frilled lizards
  A giant cockroach zombie (D:5)
  A jackal skeleton (D:5)
  A leopard gecko skeleton (D:4)
  10 rats
145 creatures vanquished.

Vanquished Creatures (others)
  A fungus (D:6)
  8 toadstools (D:6)
9 creatures vanquished.

Grand Total: 154 creatures vanquished

Notes
Turn   | Place    | Note
-------+----------+-------------------------------------------
     0 | D:1      | GreyFruit the Gargoyle Fighter began the quest for the Orb.
     0 | D:1      | Reached XP level 1. HP: 14/14 MP: 1/1
   170 | D:1      | Reached XP level 2. HP: 19/19 MP: 2/2
   672 | D:1      | Reached XP level 3. HP: 20/23 MP: 3/3
  1575 | D:3      | Noticed an ogre
  1639 | D:3      | Reached XP level 4. HP: 19/28 MP: 4/4
  1699 | D:3      | Reached skill level 3 in Maces & Flails
  1859 | D:3      | Found a shadowy altar of Dithmenos.
  2202 | D:3      | Reached XP level 5. HP: 27/32 MP: 5/5
  2209 | D:3      | Found an opulent altar of Gozag.
  2216 | D:3      | Found a burning altar of Makhleb.
  2217 | D:3      | Found a shattered altar of Ashenzari.
  2219 | D:3      | Found a bloodstained altar of Trog.
  2412 | D:3      | Reached skill level 4 in Maces & Flails
  2854 | D:4      | Reached XP level 6. HP: 38/38 MP: 6/6
  2969 | D:4      | Found a staircase to the Ecumenical Temple.
  2978 | Temple   | Entered the Ecumenical Temple
  3073 | Temple   | Became a worshipper of Qazlal Stormbringer
  3707 | D:4      | Noticed Natasha
  3730 | D:4      | Killed Natasha
  3737 | D:4      | Noticed Natasha
  3742 | D:4      | Killed Natasha
  3742 | D:4      | Reached skill level 5 in Maces & Flails
  3869 | D:4      | Found an opulent altar of Gozag.
  4092 | D:4      | Noticed Natasha
  4100 | D:4      | Killed Natasha
  4100 | D:4      | Reached XP level 7. HP: 32/43 MP: 7/7
  4209 | D:5      | Entered Level 5 of the Dungeon
  4209 | D:5      | Found an iron altar of Okawaru.
  4209 | D:5      | Found a deep blue altar of Sif Muna.
  4209 | D:5      | Noticed Edmund
  4235 | D:5      | Killed Edmund
  4235 | D:5      | Reached skill level 5 in Armour
  4571 | D:5      | Noticed Menkaure
  4586 | D:5      | Killed Menkaure
  4593 | D:5      | Reached skill level 1 in Dodging
  4608 | D:5      | Reached skill level 6 in Maces & Flails
  4641 | D:5      | Reached skill level 5 in Shields
  4679 | D:5      | Noticed Sigmund
  4697 | D:5      | Identified the cursed +2 trident of Tool {protect, rPois
                  | rN+}
  4835 | D:4      | Reached XP level 8. HP: 41/48 MP: 8/8
  4903 | D:5      | Gained mutation: You occasionally shout uncontrollably at
                  | your foes. [potion of mutation]
  4903 | D:5      | Gained mutation: You are somewhat resistant to further
                  | mutation. [potion of mutation]
  4910 | D:5      | Killed Sigmund
  4991 | D:5      | Identified the +11 dagger of Strategic Superiority {freeze,
                  | Dex+4}
  5291 | D:5      | Found a burning altar of Makhleb.
  5552 | D:6      | Reached skill level 7 in Maces & Flails
  5870 | D:6      | Reached skill level 1 in Stealth
  5871 | D:6      | Noticed Prince Ribbit
  5924 | D:6      | Reached * piety under Qazlal
  5945 | D:6      | Found a white marble altar of Elyvilon.
  5945 | D:6      | Found a runed translucent door.
  5945 | D:6      | Noticed an angel
  5999 | D:6      | Reached skill level 5 in Fighting
  6107 | D:6      | Noticed a slime creature
  6108 | D:6      | Noticed a slime creature
  6121 | D:6      | Demolished by a large slime creature

Skill      XL: |  1  2  3  4  5  6  7  8 |
---------------+-------------------------+-----
Armour         | 4 5 6 |  6.1
Maces & Flails | 3 4 5 6 7 |  7.7
Shields        | 4 5 |  5.7
Fighting       | 4 5 |  5.0
Dodging        | 1 2 |  2.1
Stealth        | 1 |  1.7

Action                   |  1- 3 |  4- 6 |  7- 9 || total
-------------------------+-------+-------+-------++-------
Melee: Flail             |   177 |   253 |   184 ||   614
  Use: Potion            |       |     1 |     8 ||     9
  Eat: Chunk             |     3 |     8 |     7 ||    18
Armor: Scale mail        |   128 |    90 |       ||   218
       Chain mail        |       |    35 |   113 ||   148
       Skin              |       |       |    21 ||    21
Dodge: Dodged            |    65 |    87 |    43 ||   195
Block: Shield            |   127 |   130 |   116 ||   373
